 Dungeon Crawl Stone Soup version 0.19.0-20-gbc5f0c6 (webtiles) character file.

203 lorenzova the Conjurer (level 5, -6/38 HPs)
             Began as a Draconian Conjurer on Nov 16, 2016.
             Mangled by an iguana (7 damage)
             ... on level 4 of the Dungeon.
             The game lasted 00:06:41 (4051 turns).

lorenzova the Conjurer (Draconian Conjurer)         Turns: 4051, Time: 00:06:42

Health: -6/38      AC:  6    Str: 11      XL:     5   Next: 51%
Magic:  0/10       EV: 12    Int: 14 (16) God:
Gold:   172        SH:  0    Dex: 11      Spells: 3 memorised, 3 levels left

rFire  . . .     SeeInvis .     w - -3 hand axe (curse)
rCold  . . .     Gourm    .     (armour unavailable)
rNeg   . . .     Faith    .     (no shield)
rPois  .         Spirit   +     (helmet restricted)
rElec  .         Reflect  .     (no cloak)
rCorr  .         Harm     .     h - +0 pair of gloves
MR     +....                    (no boots)
Stlth  ++........               e - amulet of guardian spirit
                                (no ring)
                                s - ring of protection from magic

@: very slightly contaminated
A: unfitting armour, cold-blooded, AC +5
a: no special abilities


You were on level 4 of the Dungeon.
You were not hungry.

You visited 1 branch of the dungeon, and saw 4 of its levels.
You also visited: Sewer.

You collected 172 gold pieces.

Inventory:

Hand Weapons
 f - a +0 dagger
 w - a cursed -3 hand axe (weapon)
Armour
 h - a +0 pair of gloves (worn)
Jewellery
 e - an amulet of guardian spirit (around neck)
 s - a ring of protection from magic (left hand)
Scrolls
 d - 3 scrolls of blinking
 g - a scroll of identify
 j - a scroll of teleportation
 q - a scroll of remove curse
 v - a scroll of amnesia {unknown}
 y - a scroll of noise {unknown}
Potions
 c - a potion of cancellation
 i - a potion of haste {unknown}
 k - a potion of curing
 l - 4 potions of agility
 p - a potion of degeneration
 t - 2 potions of resistance {unknown}
 u - a potion of heal wounds
Books
 a - a book of Conjurations

   Spells                             Type                      Level
   a - Magic Dart                     Conjuration                  1
   b - Searing Ray                    Conjuration                  2
   c - Dazzling Spray                 Conjuration/Hexes            3
   d - Fulminant Prism                Conjuration/Hexes            4
   e - Iskenderun's Mystic Blast      Conjuration                  4
   f - Iskenderun's Battlesphere      Conjuration/Charms           5
Comestibles
 b - 3 bread rations
 m - a beef jerky
 n - a royal jelly
 o - 2 meat rations
 r - 3 fruits


   Skills:
 - Level 1.7 Dodging
 - Level 1.7 Stealth
 + Level 3.9 Spellcasting
 + Level 5.6 Conjurations


You had 3 spell levels left.
You knew the following spells:

 Your Spells              Type           Power        Failure   Level  Hunger
a - Magic Dart            Conj           ###.         1%          1    None
b - Dazzling Spray        Conj/Hex       ##....       21%         3    ###....
c - Iskenderun's Mystic   Conj           ###.....     21%         4    ####...


Dungeon Overview and Level Annotations

Branches:
Dungeon (4/15)
 Temple: D:4-7

Altars:
Nemelex Xobeh


Innate Abilities, Weirdness & Mutations

Your plain brown scales are hard. (AC +5)
You cannot fit into any form of body armour.
You are cold-blooded and may be slowed by cold attacks.


Message History

The iguana is heavily wounded.
The iguana bites you but does no damage.
You hit the iguana but do no damage.
The iguana is heavily wounded.
The iguana bites you. The iguana bites you!
You hit the iguana but do no damage. You tail-slap the iguana.
The iguana is severely wounded.
The iguana bites you.
* * * LOW HITPOINT WARNING * * *
You hit the iguana but do no damage.
The iguana is severely wounded.
The iguana hisses menacingly.
The iguana bites you.
* * * LOW HITPOINT WARNING * * *
You hit the iguana but do no damage.
The iguana is severely wounded.
The iguana bites you.
* * * LOW HITPOINT WARNING * * *
The iguana bites you!
You die...

#### #### #.. .<
######... ... ..#
........# #.# #.#.
........# #.# #.#.
........####.##### #.#.
.................# #.#.
.####+#..####.###.###.#.
.......@.# .....#.....#.
......l..##.#####.....#.
............ ...#.#.#.†.
........###.###.#.#...#.
.......(. ...........#.
......... ...........#.
.......#. ...........#.
....... .. ..#####..#.#.
..####...#.##


You could see an iguana.

Vanquished Creatures
  A bullfrog skeleton (D:4)
  A worker ant (D:4)
  8 adders
  3 dart slugs
  4 orcs (D:3)
  2 giant cockroaches (D:3)
  4 hobgoblins
  11 jackals
  6 kobolds
  2 quokkas
  12 bats
  A frilled lizard (D:4)
  7 goblins
  2 leopard gecko skeletons (D:4)
  7 rats
71 creatures vanquished.

Notes
Turn   | Place    | Note
-------+----------+-------------------------------------------
     0 | D:1      | lorenzova the Draconian Conjurer began the quest for the Orb.
     0 | D:1      | Reached XP level 1. HP: 14/14 MP: 3/3
   252 | D:1      | Reached XP level 2. HP: 12/20 MP: 1/5
  1287 | D:2      | Reached XP level 3. HP: 26/26 MP: 1/7
  1385 | D:2      | Found a faded altar of an unknown god.
  1913 | D:3      | Found a glowing drain.
  1929 | D:3      | Reached XP level 4. HP: 28/33 MP: 2/8
  2031 | Sewer    | Entered a sewer
  2048 | Sewer    | Reached skill level 5 in Conjurations
  2105 | Sewer    | Noticed Purgy
  2113 | Sewer    | Learned a level 3 spell: Dazzling Spray
  2118 | Sewer    | Learned a level 4 spell: Iskenderun's Mystic Blast
  3238 | D:3      | Found a sparkling altar of Nemelex Xobeh.
  3605 | D:4      | Reached XP level 5. HP: 38/38 MP: 5/10
  4051 | D:4      | HP: 1/38 [iguana (4)]
  4051 | D:4      | Mangled by an iguana

Skill      XL: |  1  2  3  4 |
---------------+-------------+-----
Spellcasting   | 3 |  3.9
Conjurations   | 5 |  5.6
Dodging        | |  1.7
Stealth        | |  1.7

Action                   |  1- 3 |  4- 6 || total
-------------------------+-------+-------++-------
Melee: Dagger            |   103 |    79 ||   182
       Tailslap          |    10 |     6 ||    16
       Hand axe          |       |    12 ||    12
 Cast: Magic Dart        |    39 |   108 ||   147
       Dazzling Spray    |       |     2 ||     2
  Use: Scroll            |     5 |     3 ||     8
       Potion            |       |     2 ||     2
 Stab: Sleeping          |     1 |       ||     1
  Eat: Chunk             |     3 |     8 ||    11
Armor: Skin              |    44 |    83 ||   127
Dodge: Dodged            |    77 |   153 ||   230
